 Dungeon Crawl Stone Soup version 0.30-a0-739-gea05faddec (webtiles) character file.

Game seed: 9455069504550646984

92 Zdeegee the Vexing (level 4, 0/22 HPs)
             Began as a Spriggan Hexslinger on Feb 5, 2023.
             Slain by a goblin
             ... wielding a +0 dagger
             ... led by Robin
              (4 damage)
             ... on level 2 of the Dungeon.
             The game lasted 00:02:53 (1249 turns).

Zdeegee the Vexing (Spriggan Hexslinger)            Turns: 1249, Time: 00:02:53

Health: 0/22       AC:  3    Str:  6    XL:     4   Next: 35%
Magic:  8/8        EV: 18    Int: 14    God:
Gold:   69         SH:  0    Dex: 17    Spells: 6/7 levels left

rFire   . . .      SeeInvis +    a - +1 sling
rCold   . . .      Faith    .    (no shield)
rNeg    . . .      Spirit   .    c - +0 robe
rPois   .          Reflect  .    (helmet restricted)
rElec   .          Harm     .    l - +0 cloak
rCorr   .          Rampage  .    (gloves unavailable)
Will    .....                    (boots unavailable)
Stlth   ++                       (no amulet)
HPRegen 0.23/turn                (no ring)
MPRegen 0.11/turn                (no ring)

@: very quick
A: very small, no large weapons, unfitting armour, see invisible, speed 3
a: no special abilities


You were on level 2 of the Dungeon.
You visited 1 branch of the dungeon, and saw 2 of its levels.

You collected 69 gold pieces.

Inventory:

Hand Weapons
 a - a +1 sling (weapon)
 b - a +0 short sword
Missiles
 i - 17 stones
Armour
 c - a +0 robe (worn)
 d - a +0 pair of gloves
 l - a +0 cloak (worn)
Scrolls
 e - a scroll of amnesia {unknown}
 h - a scroll of silence {unknown}
 j - a scroll of poison
 m - a scroll of identify {unknown}
 n - a scroll of teleportation {unknown}
Potions
 f - a potion of might {unknown}
 g - a potion of mutation {unknown}
 k - 2 potions of haste {unknown}


   Skills:
 * Level 1.1 Fighting
 * Level 0.5 Short Blades
 * Level 3.1 Ranged Weapons
 * Level 3.1 Dodging
 * Level 1.3 Stealth
 * Level 2.0 Spellcasting
 * Level 4.4 Hexes


You had 6 spell levels left.
You knew the following spells:

 Your Spells              Type           Power      Damage    Failure   Level
a - Slow                  Hex            52%        N/A       3%          1

Your spell library contained the following spells:

 Spells                   Type           Power      Damage    Failure   Level
 Inner Flame              Hex/Fire       7%         N/A       28%         3
 Portal Projectile        Hex/Tloc       14%        N/A       28%         3
 Cause Fear               Hex            6%         N/A       36%         4


Dungeon Overview and Level Annotations

Branches:
Dungeon (2/15)

Altars:


Innate Abilities, Weirdness & Mutations

You are very small and have problems with some larger weapons.
You are too small for most types of armour.
You have supernaturally acute eyesight. (SInv)
You cover ground extremely quickly. (Speed+++)


Message History

Unknown command.
Fire: a) +1 sling
Press: ? - help, Q - select action, (/) - cycle Shift-Dir - straight line, f/p - Robin
Aim: Robin, wielding a +0 short sword, wearing a +0 animal skin and wearing a +1 helmet (heavily wounded, 67% to hit)
You shoot a sling bullet. The sling bullet hits Robin.
Robin is almost dead.
The hobgoblin completely misses you. The goblin hits you with a +0 dagger.
* * * LOW HITPOINT WARNING * * *
Robin completely misses you.
Unknown command.
Fire: a) +1 sling
Press: ? - help, Q - select action, (/) - cycle Shift-Dir - straight line, f/p - Robin
Aim: Robin, wielding a +0 short sword, wearing a +0 animal skin and wearing a +1 helmet (almost dead, 67% to hit)
You shoot a sling bullet.
The sling bullet hits Robin but does no damage.
Robin is almost dead.
The hobgoblin completely misses you. The goblin misses you. Robin misses you.
Unknown command.
Fire: a) +1 sling
Press: ? - help, Q - select action, (/) - cycle Shift-Dir - straight line, f/p - Robin
Aim: Robin, wielding a +0 short sword, wearing a +0 animal skin and wearing a +1 helmet (almost dead, 67% to hit)
You shoot a sling bullet. The sling bullet hits Robin.
You kill Robin!
The hobgoblin completely misses you. The goblin barely misses you.
Unknown command.
Fire: a) +1 sling
Press: ? - help, Q - select action, (/) - cycle Shift-Dir - straight line, f - hobgoblin
Aim: a hobgoblin (strong, 59% to hit)
You shoot a sling bullet.
The sling bullet completely misses the hobgoblin.
The hobgoblin misses you. The goblin closely misses you.
The hobgoblin misses you. The goblin hits you but does no damage.
Unknown command.
Fire: a) +1 sling
Press: ? - help, Q - select action, (/) - cycle Shift-Dir - straight line, f/p - hobgoblin
Aim: a hobgoblin (strong, 59% to hit)
You shoot a sling bullet. The sling bullet hits the hobgoblin.
You kill the hobgoblin!
The goblin hits you with a +0 dagger.
You die...

#. #.# #. #.# #)
#†# ### #. #.# ..#
#) #.# #.# #. #.#
#.# #)#########.#
#.# #)@g........#
###.#
###########÷###....
#........ #.###....
#........ #####....
#####


You could see a goblin (strong).

Vanquished Creatures
  Robin (D:2)
  2 adders (D:2)
  A gnoll (D:1)
  A worm (D:2)
  2 dart slugs (D:1)
  3 ball pythons
  3 endoplasms
  6 hobgoblins
  2 quokkas (D:1)
  7 bats
  3 frilled lizards
  6 goblins
  5 kobolds
  6 rats
48 creatures vanquished.

Notes
Turn   | Place    | Note
-------+----------+-------------------------------------------
     0 | D:1      | Zdeegee the Spriggan Hexslinger began the quest for the
                  | Orb.
     0 | D:1      | Reached XP level 1. HP: 9/9 MP: 3/3
   110 | D:1      | Reached skill level 4 in Hexes
   110 | D:1      | Reached XP level 2. HP: 14/14 MP: 5/5
   252 | D:1      | Reached skill level 1 in Fighting
   252 | D:1      | Reached XP level 3. HP: 18/18 MP: 6/6
   848 | D:2      | Reached skill level 1 in Stealth
  1015 | D:2      | Reached XP level 4. HP: 22/22 MP: 8/8
  1229 | D:2      | Noticed Robin
  1247 | D:2      | Killed Robin
  1249 | D:2      | Slain by a goblin

Illustrated notes

Levels and vault maps discovered:
D:1:      dreamdust_arrival_sigmund_warning, layout_basic
D:2:      layout_loops_ring, minmay_pentomino_u4, uniq_robin

Skill      XL: |  1  2  3  4 |
---------------+-------------+-----
Hexes          | 4 |  4.4
Fighting       | 1 |  1.1
Dodging        | 3 |  3.1
Stealth        | 1 |  1.3
Spellcasting   | 2 |  2.0
Ranged Weapons | 3 |  3.1
Short Blades   | |  0.5

Action                     |  1- 3 |  4- 6 || total
---------------------------+-------+-------++-------
  Melee: Short sword       |     1 |       ||     1
   Fire: Sling             |    89 |    28 ||   117
   Cast: Slow              |     2 |       ||     2
 Armour: Robe              |     6 |     5 ||    11
  Dodge: Dodged            |    13 |    27 ||    40

Table legend: (Time is in decaauts)
 A = Elapsed time spent in this place.
 B = Non-inter-level travel time spent in this place.
 C = Inter-level travel time spent in this place.
 D = Time resting spent in this place.
 E = Time spent auto-exploring this place.
 F = Levels seen in this place.
 G = Mean time per level.
                   A        B        C        D        E       F      G
               +--------+--------+--------+--------+--------+-----+--------+
         Total |    850 |    818 |     32 |      0 |    601 |   2 |  425.0 |
       Dungeon |    850 |    818 |     32 |      0 |    601 |   2 |  425.0 |
               +--------+--------+--------+--------+--------+-----+--------+

Top non-repeatable levels by time:
     D:1: 492 daAuts
     D:2: 357 daAuts
